 Dungeon Crawl Stone Soup version 0.30.1-4-g462c640d31 (webtiles) character file.

Game seed: 5043259904424577183

67 hawla the Firebug (level 4, -6/33 HPs)
             Began as a Meteoran Fire Elementalist on Aug 19, 2023.
             Was an Initiate of Vehumet.
             Mangled by an orc
             ... wielding a +0 flail
              (7 damage)
             ... on level 5 of the Dungeon.
             The game lasted 00:05:03 (1052 turns).

hawla the Firebug (Meteoran Fire Elementalist)      Turns: 1052, Time: 00:05:03

Health: -6/33      AC:  2    Str: 15    XL:     4   Next: 65%
Magic:  0/9        EV: 13    Int: 18    God:    Vehumet [......]
Gold:   83         SH:  0    Dex: 15    Spells: 1/8 levels left

rFire   . . .        d - +4 short sword "Q" {flame, Str+6}
rCold   . . .        (no shield)
rNeg    . . .        a - +0 robe
rPois   .            (no helmet)
rElec   .            (no cloak)
rCorr   .            (no gloves)
SInv    .            (no boots)
Will    .....        (no amulet)
Stlth   +            (no ring)
HPRegen 0.25/turn    (no ring)
MPRegen 0.11/turn

%: no passive effects
@: attractive, very slightly contaminated, glowing
A: sense surroundings 1, otherworldly, glowing, explore regen
a: Renounce Religion


You were on level 5 of the Dungeon.
You worshipped Vehumet.
Vehumet was noncommittal.
You visited 2 branches of the dungeon, and saw 6 of its levels.

You collected 113 gold pieces.
You spent 30 gold pieces at shops.

Inventory:

Hand Weapons
 d - the +4 short sword "Q" (weapon) {flame, Str+6}
   (You found it on level 2 of the Dungeon)

   Str:       It affects your strength (+6).
Armour
 a - a +0 robe (worn)
Magical Staves
 e - a staff of air
 o - a staff of fire
Jewellery
 i - a ring of fire
Scrolls
 f - a scroll of immolation
 g - 2 scrolls of teleportation
 l - a scroll of amnesia
Potions
 b - a potion of magic
 c - a potion of lignification {unknown}
 j - a potion of berserk rage {unknown}
 k - a potion of might {unknown}
 m - a potion of heal wounds {unknown}
 n - a potion of degeneration {unknown}


   Skills:
 - Level 2.8 Dodging
 - Level 1.4 Stealth
 - Level 2.9 Spellcasting
 + Level 2.0 Conjurations
 - Level 4.3 Fire Magic
 + Level 1.7 Air Magic
 + Level 1.7 Evocations


You had one spell level left.
You knew the following spells:

 Your Spells              Type           Power      Damage    Failure   Level
a - Foxfire               Conj/Fire      56%        2x1d6     4%          1
b - Scorch                Fire           36%        2d7       4%          2
c - Flame Wave            Conj/Fire      14%        2d6       41%         4

Your spell library contained the following spells:

 Spells                   Type           Power      Damage    Failure   Level
 Inner Flame              Hex/Fire       10%        N/A       21%         3
 Volatile Blastmotes      Fire/Tloc      20%        2d11      21%         3


Dungeon Overview and Level Annotations

Branches:
Dungeon (5/15) Zot: 2153   Temple (1/1) D:4 Zot: 395

Altars:
Cheibriados
Dithmenos
Elyvilon
Gozag
Hepliaklqana
Makhleb
Nemelex Xobeh
Okawaru
Qazlal
Trog
Uskayaw
Vehumet
Yredelemnul
The Shining One

Shops:
D:2 *


Innate Abilities, Weirdness & Mutations

You passively map a small area around you.
You are easily found by Zot.
You glow in the dark.
You regain HP and MP as you explore.


Message History

Casting: Scorch (safe; 4% risk of failure)
Confirm with . or Enter, or press ? or * to list all spells.
The spell is extremely dangerous to miscast (41% risk of failure)!
Continue anyway?
Casting: Flame Wave (extremely dangerous; 41% risk of failure)
Press: ? - help, Dir - look around, f - activate You miscast Flame Wave.
You are very lightly contaminated with residual magic.
A wave of violent energy washes through your body!
The black bear barely misses you. The black bear completely misses you.
The black bear claws you but does no damage.
You hear some strange, mumbled words.
A puff of flame appears from out of thin air!
The puff of flame hits you!
Casting: Flame Wave (extremely dangerous; 41% risk of failure)
Confirm with . or Enter, or press ? or * to list all spells.
The spell is extremely dangerous to miscast (41% risk of failure)!
Continue anyway?
Casting: Flame Wave (extremely dangerous; 41% risk of failure)
Press: ? - help, Dir - look around, f - activate You miscast Flame Wave.
Nothing appears to happen.
The black bear bites you. The black bear closely misses you.
The black bear claws you but does no damage.
Something hits you.
Unknown command.
As you read the scroll labelled BURILY OTWITE, it crumbles to dust.
It is a scroll of amnesia.
Really abort (and waste the scroll)? [Y]es or [N]o only, please.
Really abort (and waste the scroll)?
Okay, then.
The orc hits you with a +0 flail.
* * * LOW HITPOINT WARNING * * *
The black bear closely misses you. The black bear claws you.
* * * LOW HITPOINT WARNING * * *
The black bear claws you but does no damage.
Something hits you.
* * * LOW HITPOINT WARNING * * *
It was a potion of attraction.
You feel attractive to monsters. The orc hits you with a +0 flail!
You die...

, , ,, , ,
########## ,
#........# ,
#........#
#........#
#........#
#........#
#...@....###
####..o{h......
,.......f.......
...............,*
,.....#.........
,
.....#.......<.,
.....#......... ,
, ....,#.........
, ,... #.........


You could see a black bear, a sleepcap and an orc.

Vanquished Creatures
  2 adders
  2 worms
  A dart slug (D:4)
  6 orcs
  3 bats
  3 endoplasms
  2 goblins
  2 hobgoblins
  3 quokkas
  3 ball pythons
  5 kobolds
  3 rats
35 creatures vanquished.

Vanquished Creatures (others)
  63 foxfires
63 creatures vanquished.

Grand Total: 98 creatures vanquished

Notes
Turn   | Place    | Note
-------+----------+-------------------------------------------
     0 | D:1      | hawla the Meteoran Fire Elementalist began the quest for
                  | the Orb.
     0 | D:1      | Reached XP level 1. HP: 14/14 MP: 5/5
   119 | D:2      | Reached skill level 4 in Fire Magic
   119 | D:2      | Reached XP level 2. HP: 20/20 MP: 3/6
   129 | D:2      | Learned a level 2 spell: Scorch
   142 | D:2      | Reached XP level 3. HP: 20/26 MP: 1/8
   165 | D:2      | Identified the +4 short sword "Q" {flame, Str+6}
   308 | D:2      | Found Cuyhedua's General Store.
   325 | D:2      | Bought a scroll of teleportation for 30 gold pieces
   364 | D:3      | Found a shadowy altar of Dithmenos.
   417 | D:3      | Reached skill level 1 in Air Magic
   417 | D:3      | Reached skill level 1 in Evocations
   571 | D:3      | Reached XP level 4. HP: 33/33 MP: 2/9
   666 | D:4      | Found a staircase to the Ecumenical Temple.
   702 | Temple   | Entered the Ecumenical Temple
   897 | Temple   | Became a worshipper of Vehumet
  1008 | D:4      | Learned a level 4 spell: Flame Wave
  1020 | D:5      | Entered Level 5 of the Dungeon
  1027 | D:5      | Noticed a black bear
  1051 | D:5      | HP: 1/33 [something (4)]
  1052 | D:5      | Mangled by an orc

Illustrated notes

Levels and vault maps discovered:
D:1:      minmay_arrival_four_loops, layout_loops_ring,
          hellmonk_ecumenical_altar_crossroads
D:2:      layout_loops_ring, serial_shops, shop, kennysheep_generic_room_11
D:3:      layout_basic, grunt_temple_overflow_open, minivault_25
D:4:      layout_loops_corners, gammafunk_temple_overflow_forgotten,
          temple_pool_b, nicolae_shop_vocational, uniq_ijyb
D:5:      layout_basic, kennysheep_generic_room_3
Temple:   compressed_dpeg_triangle_lava_temple

Skill      XL: |  1  2  3  4 |
---------------+-------------+-----
Fire Magic     | 4 |  4.3
Air Magic      | 1 |  1.7
Evocations     | 1 |  1.7
Conjurations   | 2 |  2.0
Dodging        | |  2.8
Stealth        | |  1.4
Spellcasting   | |  2.9

Action                     |  1- 3 |  4- 6 || total
---------------------------+-------+-------++-------
  Melee: Unarmed           |     6 |       ||     6
         Short sword       |    23 |    11 ||    34
   Cast: Foxfire           |    25 |    14 ||    39
         Scorch            |     5 |     3 ||     8
    Use: Scroll            |       |     5 ||     5
         Potion            |       |     1 ||     1
 Armour: Robe              |     2 |     3 ||     5
  Dodge: Dodged            |    19 |    12 ||    31
